 Dungeon Crawl Stone Soup version 0.31-a0-1118-gbca3d03946 (webtiles) character file.

Game seed: 17861319499706373935

30 Crownlay the Vexing (level 3, 14/14 HPs)
             Began as a Felid Enchanter on Dec 4, 2023.
             Quit the game on level 2 of the Dungeon.
             The game lasted 00:03:10 (830 turns).

Crownlay the Vexing (Felid Enchanter)                Turns: 830, Time: 00:03:11

Health: 14/14      AC:  1    Str:  4    XL:     3   Next: 5%
Magic:  7/7        EV: 18    Int: 16    God:
Gold:   73         SH:  0    Dex: 18    Spells: 0/6 levels left
                                        Lives:  0   Deaths: 1

rFire   . .          .
                       - Unarmed
rCold   . . .        (shield unavailable)
rNeg    . . .        (body armour unavailable)
rPois   .            (helmet unavailable)
rElec   .            (cloak unavailable)
rCorr   .            (gloves unavailable)
SInv    +            (boots unavailable)
Will    .....        (no amulet)
Stlth   +++          (no ring)
HPRegen 0.22/turn    (no ring)
MPRegen 0.10/turn

%: no passive effects
@: quick
A: very small, claws 1, fangs 3, see invisible, speed 1, shaggy fur 1, stealthy
paws, no weapons or thrown items, no armour, multi-lived
a: no special abilities


You were on level 2 of the Dungeon.
You visited 1 branch of the dungeon, and saw 2 of its levels.

You collected 73 gold pieces.

Inventory:

Scrolls
 d - a scroll of identify {unknown}
 e - a scroll of enchant weapon {unknown}
 h - 2 scrolls of butterflies {unknown}
Potions
 a - 2 potions of invisibility
 b - a potion of might {unknown}
 c - a potion of attraction {unknown}
 f - 4 potions of cancellation {unknown}
 g - a potion of lignification {unknown}


   Skills:
 + Level 3.0 Dodging
 + Level 4.3 Stealth
 * Level 1.9 Unarmed Combat
 - Level 2.0 Spellcasting
 * Level 5.1 Hexes


You couldn't memorise any spells.
You knew the following spells:

 Your Spells              Type           Power      Damage    Failure   Level
a - Tukima's Dance        Hex            18%        N/A       8%          3
b - Confusing Touch       Hex            18%        N/A       8%          3

Your spell library contained the following spells:

 Spells                   Type           Power      Damage    Failure   Level
 Ensorcelled Hibernation  Hex/Ice        18%        N/A       11%         2
 Dazzling Flash           Conj/Hex       18%        N/A       22%         3
 Ozocubu's Armour         Ice            1%         N/A       52%         3
 Metabolic Englaciation   Hex/Ice        4%         N/A       90%         5
 Simulacrum               Ice/Necr       0%         N/A       100%        6


Dungeon Overview and Level Annotations

Branches:
Dungeon (2/15)

Altars:


Innate Abilities, Weirdness & Mutations

You have sharp claws.
You have razor-sharp teeth.
You have supernaturally acute eyesight. (SInv)
You cover ground quickly. (Speed+)
You are covered in fur. (AC +1)
Your paws help you pounce on unaware monsters.
You are incapable of wielding weapons or throwing items.
You cannot wear armour.
You gain extra lives every three experience levels.


Message History

The hobgoblin is severely wounded.
The hobgoblin grins madly.
The hobgoblin misses you.
You barely miss the hobgoblin. You bite the hobgoblin.
You kill the hobgoblin!
A rat comes into view.
Casting: Confusing Touch (astonishingly dangerous; 8% risk of failure)
Confirm with . or Enter, or press ? or * to list all spells.
Your paws begin to glow red.
The rat misses you.
You scratch the rat but do no damage.
The rat appears confused.
The rat misses you.
You scratch the rat.
You kill the rat!
Magic restored.
A quokka comes into view.
Found a ruby potion.
Casting: Confusing Touch (astonishingly dangerous; 8% risk of failure)
Confirm with . or Enter, or press ? or * to list all spells.
Your paws begin to glow red.
A goblin comes into view. It is wielding a +0 dagger.
The goblin shouts!
You hear an angry hiss.
Found a robe.
The quokka bites you. The goblin misses you.
You scratch the goblin but do no damage.
The quokka barely misses you. The goblin misses you.
You scratch the goblin but do no damage.
The quokka bites you. The quokka closely misses you. The goblin misses you.
You barely miss the goblin. The quokka bites you.
The goblin hits you with a +0 dagger.
* * * LOW HITPOINT WARNING * * *
You are too injured to fight recklessly!
You scratch the goblin but do no damage.
The goblin appears confused.
An adder comes into view.
The quokka bites you.
You die...
The goblin misses you.
You rejoin the land of the living...
Found a whip.
Are you sure you want to abandon this character and quit the game? (Confirm with "yes".)

# ##.# .
#.#... .
#.#...#.
##.....##
#.......###
#.).......
#.......####..
#...@.......
#...######.#
####


There were no monsters in sight!

Vanquished Creatures
  4 endoplasms (D:1)
  2 giant cockroaches (D:1)
  7 goblins (D:1)
  3 hobgoblins
  2 ball pythons (D:1)
  3 bats (D:1)
  3 kobolds (D:1)
  4 rats
28 creatures vanquished.

Notes
Turn   | Place    | Note
-------+----------+-------------------------------------------
     0 | D:1      | Crownlay the Felid Enchanter began the quest for the Orb.
     0 | D:1      | Reached XP level 1. HP: 7/7 MP: 4/4
   166 | D:1      | Reached XP level 2. HP: 11/11 MP: 6/6
   360 | D:1      | Found a faded altar of an unknown god.
   410 | D:1      | Reached skill level 5 in Hexes
   614 | D:1      | Reached XP level 3. HP: 14/14 MP: 7/7
   698 | D:1      | Learned a level 3 spell: Tukima's Dance
   702 | D:1      | Learned a level 3 spell: Confusing Touch
   829 | D:2      | Slain by a quokka
   830 | D:2      | Quit the game

Illustrated notes

Levels and vault maps discovered:
D:1:      scummos_arrival_checkerplants, layout_rooms,
          hellmonk_ecumenical_altar_inner_sanctum, dreamdust_princess_corridor,
          chequers_serial_rivers_marsh
D:2:      layout_loops_ring, basic_altar

Skill      XL: |  1  2 |
---------------+-------+-----
Dodging        | 3 |  3.0
Hexes          | 5 |  5.1
Stealth        | |  4.3
Unarmed Combat | |  1.9
Spellcasting   | |  2.0

Action                     || total
---------------------------++-------
  Melee: Unarmed           ||   103
         Punch             ||     4
         Bite              ||     6
   Cast: Confusing Touch   ||     3
   Stab: Sleeping          ||     1
 Armour: Skin              ||    27
  Dodge: Dodged            ||    84

Table legend: (Time is in decaauts)
 A = Elapsed time spent in this place.
 B = Non-inter-level travel time spent in this place.
 C = Inter-level travel time spent in this place.
 D = Time resting spent in this place.
 E = Time spent auto-exploring this place.
 F = Levels seen in this place.
 G = Mean time per level.
                   A        B        C        D        E       F      G
               +--------+--------+--------+--------+--------+-----+--------+
         Total |    729 |    711 |     18 |     36 |    391 |   2 |  364.5 |
       Dungeon |    729 |    711 |     18 |     36 |    391 |   2 |  364.5 |
               +--------+--------+--------+--------+--------+-----+--------+

Top non-repeatable levels by time:
     D:1: 626 daAuts
     D:2: 102 daAuts
